 Seeded DCSS version 0.31-a0-435-g2c6fae2916 (webtiles) character file.

Game seed: 3066185116294757272 (custom seed)

184 Gelion the Changeling (level 5, -6/22 HPs)
             Began as an Octopode Shapeshifter on Aug 2, 2023.
             Mangled by an ogre
             ... wielding a +0 giant club
              (28 damage)
             ... on level 4 of the Dungeon.
             The game lasted 00:05:02 (2224 turns).

Gelion the Changeling (Octopode Shapeshifter)       Turns: 2224, Time: 00:05:03

Health: -6/22      AC:  9    Str: 20    XL:     5   Next: 64%
Magic:  5/5        EV: 10    Int: 10    God:
Gold:   142        SH:  0    Dex: 14    Spells: 4/4 levels left

rFire   . .          .
                       - Unarmed
rCold   . . .        (shield currently unavailable)
rNeg    . . .        (helmet currently unavailable)
rPois   .            (no amulet)
rElec   .            (no ring)
rCorr   .            (no ring)
SInv    .            (no ring)
Will    .....        (no ring)
Stlth   +            (no ring)
HPRegen 0.23/turn    (no ring)
MPRegen 0.09/turn    (no ring)
                     (no ring)

%: no passive effects
@: snake-form
A: constrict, reduced hp, almost no armour, amphibious, 8 rings, large,
(camouflage 1), (gelatinous body 1), (nimble swimmer 1), (tentacles)
a: Begin Untransformation


You were on level 4 of the Dungeon.
You were an enormous anaconda.
You visited 1 branch of the dungeon, and saw 4 of its levels.

You collected 142 gold pieces.

Inventory:

Jewellery
 i - a ring of protection from fire
Talismans
 b - a beast talisman
 c - a serpent talisman (active)
Scrolls
 d - 2 scrolls of butterflies
 l - a scroll of teleportation
Potions
 a - a potion of lignification
 e - a potion of brilliance {unknown}
 f - 2 potions of heal wounds
 g - 2 potions of enlightenment
 h - 2 potions of haste
 k - a potion of degeneration {unknown}
 n - a potion of attraction {unknown}


   Skills:
 + Level 2.6 Fighting
 - Level 2.0 Dodging
 + Level 4.0 Unarmed Combat
 * Level 4.3 Shapeshifting


You had 4 spell levels left.
You didn't know any spells.
Your spell library was empty.

Dungeon Overview and Level Annotations

Branches:
Dungeon (4/15)
 Temple: D:4-7

Altars:
Vehumet

Shops:
D:2 [   D:3 *


Innate Abilities, Weirdness & Mutations

You are an enormous anaconda.
You have a powerful constriction melee attack.
Your maximum health is decreased, since you lack skill for your form.
Your armour is entirely melded.
You are incapable of wielding weapons or throwing items.
You cannot wear most types of armour.
You are amphibious.
You can wear up to eight rings at the same time.
((Your skin changes colour to match your surroundings (Stealth+).))
((Your rubbery body absorbs attacks. (AC +1, EV +1)))
((You are camouflaged when in or above water. (Stealth+)))
((You have tentacles for arms and can constrict up to eight enemies at once.))


Message History

You kill the giant cockroach!
You start resting.
A ball python comes into view.
A ball python is nearby!
The ball python hisses angrily.
You closely miss the ball python. You grab the ball python.
You constrict the ball python. The ball python completely misses you.
You hit the ball python.
You kill the ball python!
You see here a ball python corpse.
Unknown command.
Unknown command.
You see here a ball python corpse.
You start resting.
HP restored.
Found a hand axe.
Found a stone staircase leading down.
i - a ring of protection from fire The ogre shouts!
An adder comes into view.
The adder hisses angrily.
The adder barely misses you.
You barely miss the adder. Your grab misses the adder.
The adder barely misses you.
You lash the adder! Your grab misses the adder.
The adder is almost dead.
The adder bites you but does no damage.
You barely miss the adder. Your grab misses the adder.
The adder is almost dead.
The adder barely misses you.
You barely miss the adder. You grab the adder.
The adder is almost dead.
You constrict the adder.
You kill the adder!
Your Unarmed Combat skill increases to level 4!
You lash the ogre! You grab the ogre.
The ogre is moderately wounded.
You constrict the ogre.
The ogre hits you with a +0 giant club!!
Ouch! That really hurt!
You die...

.............#####
>............#...#
...........).....###
#................
#................
#........(.......
#.....†..........
########O...†<.......
§≈≈≈≈≈..#S...........
≈§S.!.§.###..........
§.≈≈≈.§.# ##.........
≈≈...§§.# ##........
§§._§§≈.# #........
§§§.§≈≈O# ##.......
§§§≈§.≈.# .......
≈.§.§§≈.# ......


You could see an ogre.

Vanquished Creatures
  An iguana (D:4)
  7 adders
  A worm (D:2)
  A dart slug (D:4)
  6 orcs
  9 bats
  7 endoplasms
  6 giant cockroaches
  9 goblins
  7 hobgoblins
  5 kobolds
  2 quokkas (D:1)
  11 ball pythons
  4 frilled lizards
  4 rats
80 creatures vanquished.

Notes
Turn   | Place    | Note
-------+----------+-------------------------------------------
     0 | D:1      | Gelion the Octopode Shapeshifter began the quest for the
                  | Orb.
     0 | D:1      | Reached XP level 1. HP: 13/13 MP: 1/1
    61 | D:1      | Reached XP level 2. HP: 15/18 MP: 2/2
   308 | D:1      | Reached XP level 3. HP: 19/23 MP: 3/3
   830 | D:2      | Reached XP level 4. HP: 15/29 MP: 4/4
  1148 | D:2      | Found a faded altar of an unknown god.
  1236 | D:2      | Found Qabuz's Armour Emporium.
  1236 | D:2      | Noticed an animated crystal plate armour
  1237 | D:2      | Noticed an animated pearl dragon scales
  1571 | D:3      | Found Qovocuus's Assorted Antiques.
  1580 | D:3      | Reached XP level 5. HP: 20/34 MP: 5/5
  2145 | D:4      | Found a radiant altar of Vehumet.
  2150 | D:4      | Noticed an ogre
  2224 | D:4      | Mangled by an ogre

Illustrated notes

Levels and vault maps discovered:
D:1:      scummos_arrival_simple_crosswalls, layout_rooms,
          hangedman_decor_growths, hangedman_glass_teeth
D:2:      minmay_alternating_diamond, layout_basic, serial_shops,
          nicolae_shop_mannequins, hellmonk_ecumenical_altar_inner_sanctum
D:3:      layout_basic, serial_shops, nicolae_shop_just_a_little_nook,
          minivault_14
D:4:      layout_rooms, mainiacjoe_overflow_paths

Skill      XL: |  1  2  3  4  5 |
---------------+----------------+-----
Fighting       | 2 |  2.6
Shapeshifting  | 4 |  4.3
Unarmed Combat | 4 |  4.0
Dodging        | |  2.0

Action                     |  1- 3 |  4- 6 || total
---------------------------+-------+-------++-------
  Melee: Unarmed           |    65 |    78 ||   143
         Constrict         |    13 |    18 ||    31
         Tentacles         |    10 |     5 ||    15
         Punch             |     1 |     1 ||     2
    Use: Scroll            |       |     8 ||     8
   Stab: Sleeping          |     8 |     7 ||    15
         Distracted        |       |     1 ||     1
 Armour: Skin              |     5 |    24 ||    29
  Dodge: Dodged            |    32 |    37 ||    69
   Form: Anaconda          |       |     1 ||     1

Table legend: (Time is in decaauts)
 A = Elapsed time spent in this place.
 B = Non-inter-level travel time spent in this place.
 C = Inter-level travel time spent in this place.
 D = Time resting spent in this place.
 E = Time spent auto-exploring this place.
 F = Levels seen in this place.
 G = Mean time per level.
                   A        B        C        D        E       F      G
               +--------+--------+--------+--------+--------+-----+--------+
         Total |   2214 |   2162 |     52 |    145 |   1568 |   4 |  553.5 |
       Dungeon |   2214 |   2162 |     52 |    145 |   1568 |   4 |  553.5 |
               +--------+--------+--------+--------+--------+-----+--------+

Top non-repeatable levels by time:
     D:2: 756 daAuts
     D:3: 703 daAuts
     D:1: 627 daAuts
     D:4: 126 daAuts
